 Dungeon Sprint DCSS version 0.17-a0-1701-gf693a3f (webtiles) character file.

98 Kidiri the Shield-Bearer (level 4, -3/42 HPs)
             Began as a Minotaur Fighter on Aug 21, 2015.
             Was an Initiate of Okawaru.
             Slain by an orc warrior
             ... wielding a +0 halberd
              (17 damage)
             ... in the Dungeon (Sprint VII: "The Pits").
             The game lasted 00:02:06 (371 turns).

Kidiri the Shield-Bearer (Minotaur Fighter)          Turns: 371, Time: 00:02:06

Health: -3/42      AC: 14    Str: 21    XL:     4   Next: 44%
Magic:  4/4        EV:  5    Int:  5    God:    Okawaru [......]
Gold:   0          SH: 10    Dex: 10    Spells: 0 memorised, 3 levels left

rFire  . . .     SeeInvis .     a - +0 war axe
rCold  . . .     Clarity  .     s - +2 plate armour
rNeg   . . .     SustAt   .     c - +0 shield
rPois  .         Gourm    .     (helmet restricted)
rElec  .         Spirit   .     (no cloak)
rCorr  .         Warding  .     (no gloves)
rMut   .         NoTele   +     (no boots)
MR     .....                    (no amulet)
Stlth  ..........               (no ring)
                                (no ring)

@: not resistant to hostile enchantments, extremely unstealthy
A: retaliatory headbutt, horns 2
a: Renounce Religion


You were in the Dungeon.
You worshipped Okawaru.
Okawaru was noncommittal.
You were not hungry.

You visited 1 branch

Inventory:

Hand weapons
 a - a +0 war axe (weapon)
 t - a +1 flail of protection
Armour
 c - a +0 shield (worn)
 s - a +2 plate armour (worn)
Scrolls
 k - a scroll of blinking
 p - 3 scrolls of remove curse
 q - 5 scrolls of amnesia
 r - a scroll of summoning
Potions
 d - a potion of might
 f - 6 potions of curing
 g - 3 potions of heal wounds
 h - a potion of haste
 i - 4 potions of magic
 j - 3 potions of berserk rage
 o - 2 potions of invisibility
Comestibles
 e - 8 bread rations
 l - 6 chunks of flesh
 m - 40 fruits
 n - 7 meat rations


   Skills:
 + Level 5.0 Fighting
 * Level 5.5 Axes
 * Level 6.0 Armour
 + Level 3.0 Dodging
 * Level 6.3 Shields
 + Level 2.4 Invocations


You had 3 spell levels left.
You didn't know any spells.

Dungeon Overview and Level Annotations

Branches:
Dungeon (1/1)

Altars:
Ashenzari
Cheibriados
Dithmenos
Elyvilon
Fedhas
Gozag
Kikubaaqudgha
Makhleb
Nemelex Xobeh
Okawaru
Qazlal
Ru
Sif Muna
Trog
Vehumet
Xom
Yredelemnul
Zin
The Shining One
Beogh
Jiyva
Lugonu


Innate Abilities, Weirdness & Mutations

You reflexively headbutt those who attack you in melee.
You have a pair of horns on your head.


Message History

You closely miss the orc warrior. You headbutt the orc warrior.
The orc warrior is heavily wounded.
The orc warrior hits you but does no damage.
You barely miss the orc warrior. Your headbutt misses the orc warrior.
The orc warrior is heavily wounded.
The orc warrior hits you with a halberd!
You closely miss the orc warrior.
The orc warrior is heavily wounded.
The orc wizard mumbles some strange words.
The orc wizard blinks!
The orc warrior hits you with a halberd!
You hit the orc warrior but do no damage.
The orc warrior is heavily wounded.
The orc warrior hits you but does no damage.
You hit the orc warrior. Your headbutt misses the orc warrior.
The orc warrior is severely wounded.
The orc wizard mumbles some strange words.
The orc wizard blinks!
You block the orc wizard's attack.
The orc warrior hits you with a halberd!
You die...

############
#__________#
#__________#
#.#####+###########
#_#)))+.+..##......
#_#)).#.#?(##......
#######+#####......
#o@........)+......
#o#####+#####......
#r#[[#[....##......
#o#))#####รท#####+##
#g#))#.....##......
#z#))#.....##......
#.#..###+####......
#z##+#.....##...<..
#.#........##......


You could see an orc warrior, 2 wights, an orc wizard, an orc, a quokka and a
goblin.

Vanquished Creatures
  A necrophage (D)
  An ooze (D)
  An adder skeleton (D)
  3 orcs (D)
  A hobgoblin (D)
  A jackal zombie (D)
  A quokka (D)
9 creatures vanquished.

Notes
Turn   | Place    | Note
--------------------------------------------------------------
     0 | D        | Kidiri the Minotaur Fighter began the quest for the Orb.
     0 | D        | Reached XP level 1. HP: 19/19 MP: 0/0
    55 | D        | Found a sacrificial altar of Ru.
    55 | D        | Found a basalt altar of Yredelemnul.
    55 | D        | Found a shadowy altar of Dithmenos.
    55 | D        | Found a deep blue altar of Sif Muna.
    55 | D        | Found a burning altar of Makhleb.
    55 | D        | Found a shimmering altar of Xom.
    55 | D        | Found an ancient bone altar of Kikubaaqudgha.
    55 | D        | Found a sparkling altar of Nemelex Xobeh.
    56 | D        | Found a glowing golden altar of the Shining One.
    56 | D        | Found a bloodstained altar of Trog.
    56 | D        | Found a shattered altar of Ashenzari.
    56 | D        | Found a white marble altar of Elyvilon.
    56 | D        | Found a snail-covered altar of Cheibriados.
    56 | D        | Found a blossoming altar of Fedhas.
    56 | D        | Found a radiant altar of Vehumet.
    56 | D        | Found a glowing silver altar of Zin.
    56 | D        | Found a corrupted altar of Lugonu.
    56 | D        | Found a viscous altar of Jiyva.
    56 | D        | Found a roughly hewn altar of Beogh.
    56 | D        | Found an iron altar of Okawaru.
    62 | D        | Found a stormy altar of Qazlal.
    63 | D        | Found an opulent altar of Gozag.
    65 | D        | Became a worshipper of Warmaster Okawaru
   183 | D        | Reached skill level 4 in Armour
   183 | D        | Reached skill level 1 in Dodging
   228 | D        | Reached XP level 2. HP: 27/27 MP: 1/1
   240 | D        | Noticed a necrophage
   248 | D        | Killed a necrophage
   248 | D        | Reached skill level 5 in Axes
   248 | D        | Reached skill level 5 in Armour
   248 | D        | Reached skill level 6 in Shields
   248 | D        | Reached XP level 3. HP: 31/35 MP: 1/3
   248 | D        | Reached XP level 4. HP: 36/41 MP: 1/4
   251 | D        | Reached skill level 5 in Fighting
   338 | D        | Noticed an orc warrior
   338 | D        | Noticed a wight
   339 | D        | Noticed an orc wizard
   339 | D        | Noticed a wight
   339 | D        | Noticed a water moccasin
   339 | D        | Noticed a wight
   339 | D        | Noticed a jelly
   340 | D        | Noticed a wight
   340 | D        | Noticed a wight
   355 | D        | HP: 2/42 [orc warrior/halberd (12)]
   371 | D        | Slain by an orc warrior

Vault maps used:
D:        pitsprint

Action                   |  1- 3 |  4- 6 || total
-------------------------+-------+-------++-------
Melee: War axe           |    21 |    22 ||    43
  Use: Potion            |       |     3 ||     3
